 Dungeon Crawl Stone Soup version 0.21-a0-630-g344d351 (webtiles) character file.

20 KristoblXynda the Charmwright (level 2, 0/14 HPs)
             Began as a Spriggan Skald on Dec 25, 2017.
             Slain by a goblin
             ... wielding a +0 dagger
              (4 damage)
             ... on level 2 of the Dungeon.
             The game lasted 00:01:54 (1696 turns).

KristoblXynda the Charmwright (Spriggan Skald)      Turns: 1696, Time: 00:01:55

Health: 0/14       AC:  3    Str:  7    XL:     2   Next: 58%
Magic:  6/6        EV: 19    Int: 14    God:
Gold:   50         SH:  0    Dex: 15    Spells: 5/6 levels left

rFire    . . .     SeeInvis +   i - +0 dagger
rCold    . . .     Gourm    .   (shield restricted)
rNeg     . . .     Faith    .   b - +0 robe
rPois    .         Spirit   .   (helmet restricted)
rElec    .         Reflect  .   h - +0 cloak
rCorr    .         Harm     .   (gloves unavailable)
MR       .....                  (boots unavailable)
Stlth    +.........             (no amulet)
HPRegen  0.04/turn              (no ring)
MPRegen  0.10/turn              (no ring)

@: very quick
A: very small, unfitting armour, see invisible, herbivore, speed 3, slow
metabolism 2
a: no special abilities


You were on level 2 of the Dungeon.
You were not hungry.

You visited 1 branch of the dungeon, and saw 2 of its levels.

You collected 50 gold pieces.

Inventory:

Hand Weapons
 i - a +0 dagger (weapon)
Armour
 b - a +0 robe (worn)
 h - a +0 cloak (worn)
Scrolls
 e - 3 scrolls of identify {unknown}
 j - a scroll of blinking {unknown}
Potions
 a - a potion of ambrosia {unknown}
 f - a potion of heal wounds {unknown}
 g - 2 potions of agility {unknown}
Books
 c - a book of Battle

   Spells                             Type                      Level
   a - Infusion                       Charms                       1
   b - Shroud of Golubria             Charms/Translocation         2
   c - Song of Slaying                Charms                       2
   d - Spectral Weapon                Hexes/Charms                 3
   e - Regeneration                   Charms/Necromancy            3
Comestibles
 d - a ration


   Skills:
 - Level 1.5 Fighting
 + Level 2.7 Short Blades
 + Level 4.1 Dodging
 - Level 2.6 Spellcasting
 + Level 4.9 Charms


You had 5 spell levels left.
You knew the following spells:

 Your Spells              Type           Power        Failure   Level  Hunger
a - Infusion              Chrm           ###.         3%          1    #......


Dungeon Overview and Level Annotations

Branches:
Dungeon (2/15)

Altars:


Innate Abilities, Weirdness & Mutations

You are very small and have problems with some larger weapons.
You are too small for most types of armour.
You have supernaturally acute eyesight. (SInv)
You are a herbivore.
You cover ground extremely quickly.
You need consume almost no food.


Message History

You barely miss the worm.
The worm is lightly wounded.
You hit the worm.
The worm is lightly wounded.
The worm barely misses you.
You hit the worm.
The worm is lightly wounded.
You barely miss the worm.
The worm is lightly wounded.
The worm bites you!
Ouch! That really hurt!
* * * LOW HITPOINT WARNING * * *
You hit the worm.
The worm is lightly wounded.
The goblin closely misses you.
You hit the goblin.
The goblin is severely wounded.
The rat twitches its whiskers.
The goblin hits you with a dagger.
You die...

#####.# ###### #.. ...#
.....# #.# #..# .....#
##.###..# #####
.....####.......# #...####
.......†)...##..# #......#
.....####...##..###.wr8w.###
.....# #...#...@g...8_8...#
.....# #...)....###..8..#.#
#.#### #.......## #.....#.#
#.# #....#..# ###.....# #.#
#.......# #####.# #.#
######.## #.# #.# ##'##
#.### #.# ##...## #.#.##
#.##### ##.....## ###....###


You could see 2 worms, a goblin and a rat.

Vanquished Creatures
  A dart slug (D:1)
  A goblin (D:1)
  4 hobgoblins
  5 bats
  4 kobolds
  2 rats (D:1)
17 creatures vanquished.

Notes
Turn   | Place    | Note
-------+----------+-------------------------------------------
     0 | D:1      | KristoblXynda the Spriggan Skald began the quest for the Orb.
     0 | D:1      | Reached XP level 1. HP: 10/10 MP: 5/5
   648 | D:1      | Reached XP level 2. HP: 14/14 MP: 6/6
  1665 | D:2      | Found a faded altar of an unknown god.
  1696 | D:2      | Slain by a goblin

Vault maps used:
D:1:      dpeg_arrival_pits
D:2:      chequers_ecumenical_altar_simple

Skill      XL: |  1  2 |
---------------+-------+-----
Dodging        | 4 |  4.1
Fighting       | |  1.5
Short Blades   | |  2.7
Spellcasting   | |  2.6
Charms         | |  4.9

Action                   || total
-------------------------++-------
Melee: Short sword       ||    80
       Dagger            ||    33
 Stab: Sleeping          ||     3
Armor: Robe              ||     8
Dodge: Dodged            ||    95

Table legend:
 A = Spawn XP
 B = Non-spawn XP
 C = Spawn XP percentage of total XP
 D = Spawn monster count
 E = Non-spawn monster count
 F = Spawn count percentage of total count
 G = Total turns spent on level
                    A         B        C        D         E        F      G
               +---------+---------+-------+---------+---------+-------+---------
         Total |       0 |      29 |   0.0 |       0 |      17 |   0.0 |  1696
               +---------+---------+-------+---------+---------+-------+---------
           D:1 |       0 |      21 |   0.0 |       0 |      12 |   0.0 |  1295
           D:2 |       0 |       8 |   0.0 |       0 |       5 |   0.0 |   401
               +---------+---------+-------+---------+---------+-------+---------
